Cogmind - Beta 16 @@@ ROGUE MODE // 2026.01.11 @ 16:32:51 Player: Lunishko Result: Self-destructed Performance ------------- Evolutions (2) 1000 Regions Visited (5) 1000 Robots Destroyed (23) 115 Value Destroyed (461) 461 Prototype IDs (23) 460 Alien Tech Used (0) 0 Bonus (300) 300 TOTAL SCORE: 3336 Bonus ------- Aligned with FarCom 300 Cogmind --------- Core Integrity 284/550 Matter 23/300 Energy 83/100 System Corruption 0% Temperature Cool (0) Movement Walking (115) Location -8/Materials Parts ------- > --- POWER (1) -------- (None) > --- PROPULSION (4) --- Aluminum Leg Improved Carbon-fiber Leg Improved Carbon-fiber Leg > --- UTILITY (4) ------ Signal Interpreter Improved Terrain Scanner Advanced Targeting Computer > --- WEAPON (2) ------- Light Assault Rifle Shotgun > --- INVENTORY (5) ---- Trap Reconfigurator Mace Peak State ------------ > --- POWER ------------ Light Ion Engine > --- PROPULSION ------- Aluminum Leg Improved Carbon-fiber Leg Improved Carbon-fiber Leg Improved Carbon-fiber Leg > --- UTILITY ---------- Structural Scanner Improved Sensor Array Signal Interpreter Improved Terrain Scanner > --- WEAPON ----------- Shotgun Shotgun > --- INVENTORY -------- Improved Carbon-fiber Leg Trap Reconfigurator [Rating: 27] Favorites ----------- Power Light Ion Engine Engine Light Ion Engine Power Core Light Nuclear Core Propulsion Light Treads Treads Light Treads Leg Improved Carbon-fiber Leg Utility Structural Scanner Device Structural Scanner Storage Small Storage Unit Processor Signal Interpreter Weapon Assault Rifle Energy Gun Particle Gun Ballistic Gun Assault Rifle Launcher Grenade Launcher Build | -11 -10 -10 -10 -9 -8 ------- Run | Yrd Mat Min Exi Min Mat Slots Evolved 4 | . . . . . 4 Power . | . . . . . . Propulsion 2 | . . . . . 2 Utility 2 | . . . . . 2 Weapon . | . . . . . . Parts Attached 27 | 7 4 . 1 . 15 Power 4 | 1 1 . . . 2 Engine 3 | 1 1 . . . 1 Core 1 | . . . . . 1 Reactor . | . . . . . . Propulsion 7 | 2 . . . . 5 Treads 2 | 2 . . . . . Leg 5 | . . . . . 5 Wheel . | . . . . . . Hover . | . . . . . . Flight . | . . . . . . Utility 8 | 2 1 . 1 . 4 Device 4 | 1 1 . . . 2 Storage 2 | 1 . . 1 . . Processor 2 | . . . . . 2 Hackware . | . . . . . . Protection . | . . . . . . Artifact . | . . . . . . Weapon 8 | 2 2 . . . 4 Energy Gun 1 | . . . . . 1 Energy Cannon . | . . . . . . Ballistic Gun 6 | 2 1 . . . 3 Ballistic Cannon . | . . . . . . Launcher 1 | . 1 . . . . Special Weapon . | . . . . . . Impact Weapon . | . . . . . . Slashing Weapon . | . . . . . . Piercing Weapon . | . . . . . . Special Melee Weapon . | . . . . . . Unidentified Prototypes . | . . . . . . Parts Lost 13 | . . . . 5 8 Power 3 | . . . . 1 2 Propulsion 4 | . . . . 2 2 Utility 2 | . . . . . 2 Weapon 4 | . . . . 2 2 Highest Loss Streak 5 | . . . . 5 5 To Critical Strikes . | . . . . . . Average Backups 5 | . 5 8 8 7 1 Power 1 | . 1 2 1 1 . Propulsion . | . . . . . . Utility 3 | . 1 5 5 5 1 Weapon . | . 1 1 1 1 . Tool/Special . | . . . . . . Unused Backups 4 | . 1 . . 2 1 Power 1 | . 1 . . . . Propulsion . | . . . . . . Utility 3 | . . . . 2 1 Weapon . | . . . . . . Tool/Special . | . . . . . . Average Slot Usage (%) 88 | . 91 100 100 78 70 Engine 12 | . 14 14 14 12 7 Treads 20 | . 27 28 28 24 . Leg 5 | . . . . . 23 Device 16 | . 14 14 14 14 23 Storage 10 | . 14 14 14 12 . Processor 2 | . . . . . 11 Ballistic Gun 12 | . 18 14 14 10 4 Launcher 6 | . 2 14 14 3 . Peak Build Rating 27 | 9 9 8 8 8 27 Average Rating 9 | 4 6 8 7 6 18 On Entrance 5 | . 9 8 8 8 2 Avg Prop Armor Cover (%) 7 | . . . . . 7 Naked Turns . | . . . . . . Heaviest Build 29 | 14 14 14 29 26 11 Greatest Support 54 | 40 40 40 40 40 54 Greatest Overweight (x) 8 | . . . . 8 1 Average Overweight (x) . | . . . . . . Largest Inventory Capacity 15 | 8 8 8 15 15 5 Average Capacity 7 | 6 8 8 8 14 5 Most Carried 9 | 3 8 8 8 9 4 Average Carried 5 | . 5 8 7 7 1 Final Capacity 15 | 8 8 8 15 5 5 Final Carried 8 | 2 8 8 8 5 2 Class Distribution -------------------- 96% | Mutant 3% | Skirmisher Dominant Class ---------------- Mutant | -10/Materials Mutant | -10/Mines Mutant | -10/Exiles Mutant | -9/Mines Mutant | -8/Materials Resources | -11 -10 -10 -10 -9 -8 ----------- Run | Yrd Mat Min Exi Min Mat Matter Collected 459 | 221 12 61 . 152 13 Remotely . | . . . . . . Salvage Created 335 | 19 135 . . 30 151 Parts 41 | 4 22 . . 4 11 Haulers Intercepted . | . . . . . . Recyclers Shooed 1 | . . . . 1 . Parts Field Recycled . | . . . . . . Retrieved Matter . | . . . . . . Parts Self-Destructed . | . . . . . . Prevented . | . . . . . . Parts Restored . | . . . . . . Kills | -11 -10 -10 -10 -9 -8 ------- Run | Yrd Mat Min Exi Min Mat Combat Hostiles Destroyed 16 | . 5 . . 4 7 Guns 7 | . . . . . 7 AOE 9 | . 5 . . 4 . Classes Destroyed 6 | 1 5 . . . . Builder 4 | . 4 . . . . Tunneler 1 | 1 . . . . . Operator 1 | . 1 . . . . Watcher 1 | . 1 . . . . Swarmer 11 | . 3 . . 4 4 Grunt 5 | . 2 . . . 3 Best Kill Streak 11 | 1 11 . . 4 3 Combat Bots Only 5 | . 5 . . 4 3 Max Kills in Single Turn 4 | 1 4 . . 3 1 Gunslinging . | . . . . . . Exploded 3 | . 3 . . 3 . Melee . | . . . . . . Uniques/NPCs Destroyed . | . . . . . . Combat | -11 -10 -10 -10 -9 -8 -------- Run | Yrd Mat Min Exi Min Mat Hostile Shots Fired 166 | . 12 . . 34 120 Missed 46 | . 4 . . 7 35 Hits 120 | . 8 . . 27 85 Melee 8 | . . . . 8 . Projectile 112 | . 8 . . 19 85 AOE 5 | . . . . 3 2 Critical Strikes 1 | . . . . 1 . Damage Taken 1849 | . 178 . . 465 1206 Core 346 | . . . . 80 266 Absorbed by Shields . | . . . . . . Core Remaining (%) 84 | 100 . . . 68 . Volleys Fired 48 | 1 12 . . 14 21 Largest 2 | 2 2 . . 2 2 Hottest 88 | 40 50 . . 50 88 Shots Fired 71 | 2 21 . . 16 32 Gun 62 | 2 14 . . 14 32 Cannon . | . . . . . . Launcher 9 | . 7 . . 2 . Special . | . . . . . . Kinetic 59 | 2 14 . . 14 29 Thermal 3 | . . . . . 3 Explosive 9 | . 7 . . 2 . Electromagnetic . | . . . . . . Robot Hit Streak 5 | 1 5 . . 5 4 Robot Miss Streak 4 | . 3 . . 4 3 Penetration Max . | . . . . . . Secondary Targets . | . . . . . . Shots Hit Robots 40 | 1 5 . . 11 23 Core Hits 38 | 1 15 1 . 8 13 Critical Kills . | . . . . . . Critical Parts Destroyed . | . . . . . . Critical Strikes . | . . . . . . Melee Attacks . | . . . . . . Impact . | . . . . . . Slashing . | . . . . . . Piercing . | . . . . . . Sneak Attacks . | . . . . . . Combat Hostiles . | . . . . . . Follow-up Attacks . | . . . . . . Damage Inflicted 1380 | 11 672 1 . 320 376 Guns 468 | 11 15 . . 73 369 Cannons . | . . . . . . Explosions 892 | . 652 . . 240 . Melee . | . . . . . . Ramming 20 | . 5 1 . 7 7 Kinetic 435 | 11 15 . . 73 336 Thermal 146 | . 113 . . . 33 Explosive 779 | . 539 . . 240 . Electromagnetic . | . . . . . . Impact . | . . . . . . Slashing . | . . . . . . Piercing . | . . . . . . Highest Corruption 1 | . 1 1 1 1 . Average Corruption 1 | . 1 1 1 1 . Corruption Purged . | . . . . . . Corruption Blocked . | . . . . . . Effects 10 | . 5 2 1 2 . Message Errors 2 | . 1 . 1 . . Matter Fused 3 | . 1 1 . 1 . Heat Flow Errors 1 | . 1 . . . . Parts Rejected 1 | . . . . 1 . Data Loss (minor) 1 | . . 1 . . . Misfires 2 | . 2 . . . . Overload Shots . | . . . . . . Overflow Damage 116 | . 116 . . . . Projectiles . | . . . . . . Explosions 116 | . 116 . . . . Melee . | . . . . . . Knockbacks . | . . . . . . Impact . | . . . . . . Kinetic . | . . . . . . Secondary . | . . . . . . Self-Inflicted Damage 118 | . 83 . . 35 . Shots 4 | . 2 . . 2 . Rammed 3 | . 1 1 . 1 . Targets Rammed 5 | . 1 1 . 1 2 Kicked 2 | . . . . . 2 Crushed . | . . . . . . Highest Temperature 219 | . 219 . . 20 22 Average Temperature 38 | . 54 . . 7 11 Received Heat Transfer 439 | . 45 . . 160 234 Siege Activations . | . . . . . . Martial Activations . | . . . . . . Shielding Activations . | . . . . . . Robots Disrupted . | . . . . . . Combat Hostiles . | . . . . . . Robots Corrupted . | . . . . . . Combat Hostiles . | . . . . . . Parts Fried . | . . . . . . Impact Corruptions . | . . . . . . Robots Melted . | . . . . . . Combat Hostiles . | . . . . . . Parts Melted . | . . . . . . Heat Transferred 124 | . 50 . . . 74 Parts Sabotaged . | . . . . . . Parts Stolen . | . . . . . . Parts Stripped . | . . . . . . Power Chain Reactions . | . . . . . . Alert | -11 -10 -10 -10 -9 -8 ------- Run | Yrd Mat Min Exi Min Mat Maximum Alert Level 1 | . 1 . . . . Low Security (%) 93 | 100 84 100 . 100 100 Level 1 6 | . 15 . . . . Level 2 . | . . . . . . Level 3 . | . . . . . . Level 4 . | . . . . . . Level 5 . | . . . . . . High Security . | . . . . . . Max Security . | . . . . . . Peak Influence 249 | 5 249 39 . 129 107 Initial 39 | . . 39 . . 14 Average 61 | . 118 7 . 105 21 Influence Increases 728 | 5 294 . . 129 300 Destroy 0b10 Robot/C 320 | . 100 . . 80 140 Destroy 0b10 Robot/NC 35 | 5 30 . . . . Destroy Leader 52 | . 22 . . 20 10 Successful Hack 13 | . 13 . . . . Disable Machine 105 | . 90 . . 15 . Destroy Structure 53 | . 39 . . 14 . Lose Combat Pursuer 150 | . . . . . 150 Influence Decreases 621 | 5 191 103 . 90 232 Entered New Map 89 | . . 64 . . 25 Time Decay 402 | 5 191 39 . 40 127 Lost Part 130 | . . . . 50 80 Squads Dispatched 3 | . 1 1 . . 1 Investigation 1 | . . 1 . . . Extermination . | . . . . . . Reinforcement 2 | . 1 . . . 1 Assault . | . . . . . . Garrison . | . . . . . . Intercept . | . . . . . . Searches Triggered . | . . . . . . Construction Impeded . | . . . . . . Haulers Reinforced . | . . . . . . Active Scanning Responses . | . . . . . . Cargo Convoy Interrupts . | . . . . . . Stealth | -11 -10 -10 -10 -9 -8 --------- Run | Yrd Mat Min Exi Min Mat Distress Signals 4 | . . . . . 4 Communications Jammed . | . . . . . . Distress Signals . | . . . . . . Times Spotted 49 | . 11 . . 12 26 Peak Tracking Total 8 | . 4 . . 7 8 Tactical Retreats 6 | . . . . 1 5 Traps | -11 -10 -10 -10 -9 -8 ------- Run | Yrd Mat Min Exi Min Mat Traps Triggered 2 | . 2 . . . . Indirectly . | . . . . . . Trap Hack Attempts . | . . . . . . Triggered . | . . . . . . Disarmed . | . . . . . . Reprogrammed . | . . . . . . Reused . | . . . . . . Traps Extracted . | . . . . . . Installed . | . . . . . . Triggered . | . . . . . . Machines | -11 -10 -10 -10 -9 -8 ---------- Run | Yrd Mat Min Exi Min Mat Machines Disabled 7 | . 6 . . 1 . Max in Single Turn 3 | . 3 . . 1 . Machines Repaired . | . . . . . . Machines Dismantled . | . . . . . . Machines Sabotaged . | . . . . . . Overloaded Fab Kills . | . . . . . . Hacking | -11 -10 -10 -10 -9 -8 --------- Run | Yrd Mat Min Exi Min Mat Machines Accessed 9 | . 5 1 1 . 2 Terminals 5 | . 5 . . . . Fabricators . | . . . . . . Repair Stations . | . . . . . . Recycling Units . | . . . . . . Scanalyzers 2 | . . . . . 2 Garrison Access . | . . . . . . Total Hacks 19 | . 14 1 1 . 3 Successful 11 | . 6 1 1 . 3 Failed 8 | . 8 . . . . Catastrophic 1 | . 1 . . . . Database Lockouts . | . . . . . . Manual 15 | . 14 . 1 . . Terminals 14 | . 14 . . . . Fabricators . | . . . . . . Repair Stations . | . . . . . . Recycling Units . | . . . . . . Scanalyzers 3 | . . . . . 3 Garrison Access . | . . . . . . Terminal Hacks 4 | . 2 1 1 . . Open Door 1 | . . 1 . . . Branch Access Points 1 | . 1 . . . . Terminal Index 1 | . 1 . . . . Proto ID Catalog 1 | . . . 1 . . Fabricator Hacks . | . . . . . . Repair Station Hacks . | . . . . . . Recycling Unit Hacks . | . . . . . . Scanalyzer 3 | . . . . . 3 Retrieve Study 3 | . . . . . 3 Garrison Access Hacks . | . . . . . . Unauthorized Hacks 4 | . 4 . . . . Terminals 4 | . 4 . . . . Botnet 4 | . 4 . . . . Fabricators . | . . . . . . Repair Stations . | . . . . . . Recycling Units . | . . . . . . Scanalyzers . | . . . . . . Garrison Access . | . . . . . . Data Cores Recovered . | . . . . . . Used . | . . . . . . Hacking Detections 5 | . 4 . . . 1 Full Trace Events . | . . . . . . Feedback Events . | . . . . . . Feedback Blocked . | . . . . . . Robot Schematics Acquired . | . . . . . . Robots Built . | . . . . . . Authchips . | . . . . . . Time . | . . . . . . Total Robot Build Rating . | . . . . . . Part Schematics Acquired . | . . . . . . Parts Built . | . . . . . . Authchips . | . . . . . . Time . | . . . . . . Total Part Build Rating . | . . . . . . Part Studies Acquired 2 | . . . . . 2 Parts Repaired . | . . . . . . Time . | . . . . . . Parts Recycled . | . . . . . . Recycled Matter . | . . . . . . Retrieved Matter . | . . . . . . Retrieved Components . | . . . . . . Parts Scanalyzed . | . . . . . . Part Schematics Acquired . | . . . . . . Parts Damaged . | . . . . . . Bothacking | -11 -10 -10 -10 -9 -8 ------------ Run | Yrd Mat Min Exi Min Mat Used RIF Installer . | . . . . . . Robots Hacked . | . . . . . . Non-combat . | . . . . . . Combat . | . . . . . . Robot Hacks Applied . | . . . . . . Relay Couplers Released . | . . . . . . Fabnet Peak Effective % . | . . . . . . Robots Rewired . | . . . . . . Allies Hacked . | . . . . . . Hacks Repelled . | . . . . . . Allies | -11 -10 -10 -10 -9 -8 -------- Run | Yrd Mat Min Exi Min Mat Total Allies . | . . . . . . Largest Group . | . . . . . . Highest-Rated Group . | . . . . . . Highest-Rated Ally . | . . . . . . Total Orders . | . . . . . . Ally Attacks . | . . . . . . Total Damage . | . . . . . . Kills . | . . . . . . Allies Corrupted . | . . . . . . Allies Melted . | . . . . . . Intel | -11 -10 -10 -10 -9 -8 ------- Run | Yrd Mat Min Exi Min Mat Active Infowar (turns) 1637 | 3 531 236 386 80 401 Sensors 261 | . . . . . 261 Terrain 438 | 3 37 . . . 398 Structural 1579 | . 494 236 386 80 383 Robot Analysis Total . | . . . . . . Derelict Logs Recovered 2 | . . 2 . . . Drone Launches . | . . . . . . Drone Recoveries . | . . . . . . Exploration | -11 -10 -10 -10 -9 -8 ------------- Run | Yrd Mat Min Exi Min Mat Turns Passed 1715 | 81 531 236 386 80 401 Spaces Moved 1034 | 44 300 147 240 36 267 Core 51 | 4 . . . 13 34 Treads 750 | 40 300 147 240 23 . Legs 233 | . . . . . 233 Wheels . | . . . . . . Hover . | . . . . . . Flight . | . . . . . . Fastest Speed 50 | 50 160 160 160 50 100 Average Speed 146 | 150 160 160 160 133 113 Slowest Speed 450 | 160 160 160 160 450 120 Overloaded Moves . | . . . . . . Propulsion Burnouts . | . . . . . . Robots Hopped . | . . . . . . Potential Cave-ins . | . . . . . . Cave-ins Triggered . | . . . . . . Exploration Rate (%) 35 | 3 63 42 61 14 29 Regions Visited 5 Branch Regions 3 Pre-discovered Areas 1 | . . 1 . . . Known Exits Taken 1 | . 1 . . . . Unknown Exits Taken 4 | 1 . 1 1 1 . Scrap Searched 1 | . . 1 . . . Spaces Dug . | . . . . . . Terrain Destroyed 50 | . 36 . . 14 . Melee . | . . . . . . Projectile . | . . . . . . AOE 50 | . 36 . . 14 . Terrain Rammed . | . . . . . . Walls Destroyed . | . . . . . . Machines Disabled . | . . . . . . Actions | -11 -10 -10 -10 -9 -8 --------- Run | Yrd Mat Min Exi Min Mat Total 1162 | 54 331 147 243 54 333 Wait 13 | . . . . . 13 Move 1029 | 43 299 146 239 35 267 Hop . | . . . . . . Pick Up 26 | 3 9 . 1 . 13 Fast Attach 6 | 6 . . . . . Attach 21 | 1 3 . . 2 15 Detach 2 | . 1 . . 1 . Swap 7 | . 5 . 1 . 1 Drop 5 | . 1 . 2 1 1 Fire 48 | 1 12 . . 14 21 Melee . | . . . . . . Ram 1 | . . . . 1 . Kick 2 | . . . . . 2 Crush 2 | . 1 1 . . . Escape Stasis . | . . . . . . Rewire . | . . . . . . Trap . | . . . . . . Miscellaneous . | . . . . . . Route ------- -11/Scrapyard -10/Materials (discovered 3 exits: [*Mat] / *Min / [*Sub]) -10/Mines (discovered 2 exits: [*Mat] / *Exi) -10/Exiles -9/Mines -8/Materials (discovered 1 exit: Fac) History --------- Turn | Location | Event 8 | -11/Scrapyard | Discovered new exit (range 15) 82 | -11/Scrapyard | Entered Materials 315 | -10/Materials | Build established: Mutant 415 | -10/Materials | Discovered new exit (range 13) 469 | -10/Materials | Discovered new exit (range 14) 518 | -10/Materials | Identified exit to Mines 613 | -10/Materials | Entered Mines 671 | -10/Mines | Discovered new exit (range 7) 709 | -10/Mines | Met a Derelict shopkeep closing up shop 719 | -10/Mines | Learned location of Mines (-9) 797 | -10/Mines | Learned location of 1 exit from Materials 841 | -10/Mines | Deemed a non-threat by the Exiles lab entrance 841 | -10/Mines | Discovered new exit (range 6) 849 | -10/Mines | Entered Exiles 891 | -10/Exiles | Met 8R-AWN 917 | -10/Exiles | Met EX-HEX 961 | -10/Exiles | Met EX-BIN 984 | -10/Exiles | Aligned with FarCom system 985 | -10/Exiles | Given EX-Vault access code 1022 | -10/Exiles | Opened EX-Vault 1036 | -10/Exiles | Found Trap Reconfigurator 1067 | -10/Exiles | Warned to stay clear of 0b10 Research branches 1110 | -10/Exiles | Met EX-DEC 1217 | -10/Exiles | Discovered new exit (range 10) 1235 | -10/Exiles | Left Exiles lab with Trap Reconfigurator 1235 | -10/Exiles | Entered Mines 1236 | -9/Mines | Assembled infested the area 1241 | -9/Mines | Assisted by a Guerilla fighting off Assembled 1311 | -9/Mines | Discovered new exit (range 9) 1312 | -9/Mines | Met a Derelict bent on vengeance 1315 | -9/Mines | Entered Materials 1315 | -8/Materials | Evolved 4 slots: Propulsion x2, Utility x2 1316 | -8/Materials | Identified exit to Factory 1338 | -8/Materials | Lost 5 parts (1p2n2w) 1674 | -8/Materials | Lost 5 parts (1p2n2w) 1716 | -8/Materials | Self-destructed Last Messages --------------- 01651_ U-05 Engineer lays Concrete. 01651_ Acquired Lgt. Nuclear Core. 01652_ U-05 Engineer builds a Wall. 01653_ The unstable cave ceiling collapses. 01653_ Slug penetrates Nuclear Reactor. 01656_ U-05 Engineer builds a Wall. 01660_ Nuclear Reactor explodes. 01660_ U-05 Engineer lays Concrete. 01661_ Slug penetrates Wall. 01661_ U-05 Engineer builds a Wall. 01666_ W-25 Informer sends out distress signal. 01667_ Kicked K-01 Serf out of the way. 01674_ T-07 Excavator is excavating. 01689_ Lgt. Nuclear Core destroyed. 01698_ Structural Scanner destroyed. 01700_ S-10 Pest destroyed. 01706_ Acquired 13 matter. 01710_ Acquired Lgt. Assault Rifle. 01712_ Acquired Mace. 01713_ S-10 Pest destroyed. Map ----- +----------------------------------------------------+ | ???????????????? # ##????##!! | | ???????????????? # ########!! | | ?????## ? ## # ############ "" | | ?????## ####+### ### #### Y" | | ?????## ### "" | | ?????## | | ?????## ### | | ?????#### ##### # ####+#####/# | | ?????### ###### ### ### # | | ?????????????##! !### ## T ! !# | | ?????????????###!!!!#### ### # | | ???????? ????########### ### !! # | | ??????????????########## ### ! # | | ?????????????????#????## #############+ | | ??????????????#??????? # ## | | ??????#???????????????? ??????? ??? | | ??????????????????? ??? ????? ??+?? | | ?????????????????????#? ???? ????? | | ???????????? ######???? ?????????? | | ???????????########???? ## #### | | ???????????# =#???? ############ | | ???????????# #???? | | ???????????+ +??? ^ =[ | | ????????#??# ! #???# """ ##+ | | ???????????# #???## ??? """ # % | | ???????????# @ ! #???## T??? """ # | | ???????????####+###???## ???? # | | ?????????????##%##?#??## ??? # | | ?????????????##Y##??#### # | | ???? ??????? ##h######## #####+ | | ???????????s ##/###### # T | | ???????????? #[%* ## # | | ??? ???????? # """ =## [ + | | ????? ??????## """ ## # % | | ???????#????## """ ## #] | | ??????Y?????## *#### ### | | ??????###???##! Y #### ###### | | ????#####? ######/###### ### | | ????##[[ #### #### ####### # | | ????##[[ #### ###### T | | ????##!! " ##?????? | | ????##!! ##########???#??? | | ????##|| ### ## ##########??????? " | | ????##|? ## ### ####????????##??????" | | ????###??######## ####??#?#???????????? | | ?????????#####?## ##????????#?????????? | | ??????????????### ##??????????????? ?? | | ????????????#??## ##????????????????? ? | | ???????????????## ##????????#?????????? | | ???????????????## ??????????????????#?? | +----------------------------------------------------+ Best States ------------- Heat Dissipation 31 Energy Generation 14 Energy Capacity 250 Matter Stores 247 Matter Capacity 300 Sight Range 16 Robot Scan Range 15 Terrain Scan Range 16 Terrain Scan Density 10 Evasion (%) 55 Targeting Accuracy 8 Recoil Reduction 2 Item Schematics ----------------- None Robot Schematics ------------------ None Fabricated ------------ Nothing Repaired ---------- Nothing Studied --------- Lgt. Ion Engine | -8/Materials | Hacked Aluminum Leg | -8/Materials | Hacked Alien Tech Used ----------------- None Achievements -------------- None Challenges ------------ None Game ------ Seed CoolantCompositeBlade Manual? 0 Play Time 00:18:01 Cumulative 28.4 hours Start 2026.01.11 @ 16:15:43 End 2026.01.11 @ 16:32:51 Sessions 1 Manual Loads 0 Difficulty Rogue Special Mode None Game No. 29 Rogue 29 Adventurer 0 Explorer 0 Win Type - Total 0 Types 0/0/0/0/0/0/0/0/0/0 Lore% 24 Gallery% 21 Achievement% 23 Wizard Run 0 Options --------- Layout 0 ASCII 0 Keyboard 0 Movement Mouse Keybinds 0 Fullscreen 2 Font 36/Smallcaps Map View 76x50 Zoom Use 0% Tactical HUD 1 Map Filters NONE Filters NONE Steam 1 RUN: 279f1ba6-0d76-4885-94d2-22c218fb7a2a